 Dungeon Crawl Stone Soup version 0.18-a0-1542-g9c1a92e (webtiles) character file.

200 Ijustatesigmund the Insei (level 5, -1/36 HPs)
             Began as an Octopode Transmuter on Mar 10, 2016.
             Slain by an ogre
             ... wielding a +0 giant club
              (6 damage)
             ... on level 4 of the Dungeon.
             The game lasted 00:09:36 (3762 turns).

Ijustatesigmund the Insei (Octopode Transmuter)     Turns: 3762, Time: 00:09:36

Health: -1/36      AC:  1    Str: 10      XL:     5   Next: 78%
Magic:  1/8        EV: 12    Int: 16      God:
Gold:   137        SH:  0    Dex: 11 (12) Spells: 3 memorised, 2 levels left

rFire  . . .     SeeInvis .       - Unarmed
rCold  . . .     Gourm    .     (no shield)
rNeg   . . .     Faith    .     (helmet restricted)
rPois  .         Spirit   .     (no amulet)
rElec  .         Dismiss  .     (no ring)
rCorr  .         Reflect  .     (no ring)
SustAt .         Harm     .     (no ring)
MR     .....                    (no ring)
Stlth  ++........               (no ring)
                                (no ring)
                                (no ring)
                                (no ring)

@: appendage (expiring), very slightly contaminated, not resistant to hostile
enchantments, unstealthy
A: almost no armour, amphibious, 8 rings, constrict 8, tentacle spike 3,
camouflage 1, gelatinous body 1
a: End Transformation


You were on level 4 of the Dungeon.
You were not hungry.
One of your tentacles had a temporary spike.
You visited 1 branch of the dungeon, and saw 4 of its levels.

You collected 137 gold pieces.

Inventory:

Missiles
 a - 31 arrows
 j - 8 javelins (quivered)
 k - 3 tomahawks
Scrolls
 d - 2 scrolls of identify
 e - a scroll of remove curse
 f - 3 scrolls of blinking
Potions
 g - a potion of flight
 l - a potion of cure mutation {unknown}
Books
 b - a book of Changes

   Spells                             Type                      Level
   a - Beastly Appendage              Transmutation                1
   b - Sticks to Snakes               Transmutation                2
   c - Spider Form                    Transmutation/Poison         3
   d - Ice Form                       Ice/Transmutation            4
   e - Blade Hands                    Transmutation                5
Comestibles
 c - 4 bread rations
 i - 3 meat rations


   Skills:
 + Level 3.4 Fighting
 - Level 2.0 Dodging
 - Level 5.0 Unarmed Combat
 - Level 2.0 Spellcasting
 - Level 2.0 Transmutations
 + Level 1.2 Poison Magic


You had 2 spell levels left.
You knew the following spells:

 Your Spells              Type           Power        Failure   Level  Hunger
a - Beastly Appendage     Trmt           #.....       10%         1    #......
b - Sticks to Snakes      Trmt           #.......     14%         2    ###....
c - Spider Form           Trmt/Pois      #.........   34%         3    ###....


Dungeon Overview and Level Annotations

Branches:
Dungeon (4/15)
 Temple: D:4-7

Altars:
Zin


Innate Abilities, Weirdness & Mutations

You cannot wear most types of armour.
You are amphibious.
You can wear up to eight rings at the same time.
You can use your tentacles to constrict eight enemies at once.
Your skin changes colour to match your surroundings (Stealth).
Your rubbery body absorbs attacks (AC +1).
One of your tentacles bears a large vicious spike.


Message History

You aren't carrying any items that can be evoked.
You barely miss the ogre.
Your tentacle spike misses the ogre.
You squeeze the ogre!
The ogre is moderately wounded.
The ogre closely misses you.
You bludgeon the ogre!
The ogre is severely wounded.
The ogre hits you with a giant club!
You tentacle-slap the ogre. x2
The ogre is almost dead.
You tentacle-slap the ogre but do no damage.
The ogre is almost dead.
Your transformation is almost over.
The ogre hits you with a giant club!!
Ouch! That really hurt!
* * * LOW HITPOINT WARNING * * *
You closely miss the ogre.
The ogre is almost dead.
The ogre hits you with a giant club.
You die...

#.# #.# #.# #.# #.#
#<# ###### #.# #.#
.....# #.# #.# ###..#
#.# #O# ###..#
######.# #.#
..#..####.<....####.#
..#........#....@O..#
..#.#####....########
.##.# #.#### .##.#
#>.. ....# #.#..
<#.## #. .## [#.# ##
## .#.# .#.#


You could see an ogre.

Vanquished Creatures
  An orc priest (D:3)
  An orc wizard (D:4)
  Robin (D:2)
  2 adders (D:2)
  A gnoll (D:1)
  A worm (D:2)
  2 dart slugs (D:2)
  3 giant geckos
  5 orcs
  2 giant cockroaches
  16 goblins
  11 hobgoblins
  5 jackals (D:1)
  A quokka (D:1)
  6 bats
  4 giant newts
  9 kobolds
  9 rats
80 creatures vanquished.

Vanquished Creatures (collateral kills)
  An adder (D:2)
  A giant cockroach (D:1)
2 creatures vanquished.

Grand Total: 82 creatures vanquished

Notes
Turn   | Place    | Note
--------------------------------------------------------------
     0 | D:1      | Ijustatesigmund the Octopode Transmuter began the quest for the Orb.
     0 | D:1      | Reached XP level 1. HP: 13/13 MP: 3/3
   118 | D:1      | Reached XP level 2. HP: 12/18 MP: 5/5
   122 | D:1      | Learned a level 2 spell: Sticks to Snakes
   202 | D:1      | Reached skill level 4 in Unarmed Combat
   604 | D:1      | Reached XP level 3. HP: 23/23 MP: 6/6
   609 | D:1      | Learned a level 3 spell: Spider Form
  1042 | D:2      | Noticed Robin
  1052 | D:1      | HP: 1/23 [quokka (2)]
  1867 | D:2      | Killed Robin
  1867 | D:2      | Reached XP level 4. HP: 25/29 MP: 1/7
  2123 | D:2      | Found a glowing silver altar of Zin.
  2529 | D:2      | Found a faded altar to an unknown god.
  2538 | D:2      | Reached XP level 5. HP: 32/36 MP: 8/8
  3272 | D:3      | Reached skill level 5 in Unarmed Combat
  3652 | D:4      | Reached skill level 1 in Poison Magic
  3743 | D:4      | Noticed an ogre
  3762 | D:4      | Slain by an ogre

Vault maps used:
D:1:      saegor_arrival_simple_c
D:2:      zin_academy, ecumenical_altar_1, uniq_robin
D:4:      lemuel_coloured_pillars_altar, lemuel_round_altar, kennysheep_mini,
          minmay_temple_entry_mist, first_bread

Skill      XL: |  1  2  3  4  5 |
---------------+----------------+-----
Unarmed Combat | 4 5 |  5.0
Fighting       | 2 3 |  3.4
Poison Magic   | 1 |  1.2
Dodging        | |  2.0
Spellcasting   | |  2.0
Transmutations | |  2.0

Action                   |  1- 3 |  4- 6 || total
-------------------------+-------+-------++-------
Melee: Unarmed           |    91 |    98 ||   189
Throw: Javelin           |     6 |       ||     6
 Cast: Sticks to Snakes  |     8 |     5 ||    13
       Beastly Appendage |     5 |    10 ||    15
  Use: Scroll            |     2 |     5 ||     7
       Potion            |       |     5 ||     5
 Stab: Sleeping          |       |     2 ||     2
  Eat: Chunk             |     2 |     5 ||     7
       Beef jerky        |     1 |     1 ||     2
